 Dungeon Crawl Stone Soup version 0.17-a0-227-gf5308cc (webtiles) character file.

126 BluebellGnoll the Sneak (level 4, -2/21 HPs)
             Began as a Spriggan Enchanter on Mar 30, 2015.
             Killed from afar by an orc wizard (9 damage)
             ... with a puff of flame
             ... on level 4 of the Dungeon.
             The game lasted 00:14:45 (4506 turns).

BluebellGnoll the Sneak (Spriggan Enchanter)        Turns: 4506, Time: 00:14:45

Health: -2/21      AC:  3    Str:  4    XL:     4   Next: 84%
Magic:  2/15       EV: 18    Int: 17    God:
Gold:   292        SH:  0    Dex: 16    Spells: 4 memorised, 2 levels left

rFire  . . .     SeeInvis +     a - +1 dagger
rCold  . . .     Clarity  .     b - +1 robe
rNeg   . . .     SustAb   .     (shield restricted)
rPois  .         Gourm    .     (helmet restricted)
rElec  .         Spirit   .     (no cloak)
rCorr  .         Warding  .     (gloves unavailable)
rMut   .         Stasis   .     (boots unavailable)
MR     .....                    (no amulet)
Stlth  ++++......               (no ring)
                                (no ring)

@: very quick, not resistant to hostile enchantments, stealthy
A: unfitting armour, see invisible, herbivore 3, speed 3, slow metabolism 2
a: no special abilities


You were on level 4 of the Dungeon.
You were very full.

You visited 1 branch of the dungeon, and saw 4 of its levels.

You collected 292 gold pieces.

Inventory:

Hand weapons
 a - a +1 dagger (weapon)
 t - a cursed -1 dagger
Missiles
 g - 6 needles of confusion
 l - 246 stones (quivered)
 n - 24 poisoned needles
Armour
 b - a +1 robe (worn)
 h - a +0 cloak
Magical devices
 r - a wand of flame (7)
Scrolls
 e - 4 scrolls of amnesia {unknown}
 i - a scroll of enchant armour {unknown}
 m - a scroll of fog {unknown}
 o - 6 scrolls of identify {unknown}
 q - a scroll of remove curse {unknown}
 s - a scroll of noise {unknown}
 w - a scroll of teleportation {unknown}
 x - a scroll of enchant weapon {unknown}
Potions
 f - a potion of cure mutation {unknown}
 j - a potion of ambrosia {unknown}
 k - 2 potions of heal wounds
 p - a potion of magic {unknown}
 u - a potion of restore abilities {unknown}
 v - a potion of haste {unknown}
Books
 c - a book of Maledictions

   Spells                             Type                      Level
   a - Corona                         Hexes                        1
   b - Ensorcelled Hibernation        Hexes/Ice                    2
   c - Confuse                        Hexes                        3
   d - Dazzling Spray                 Conjuration/Hexes            3
   e - Enslavement                    Hexes                        4
Comestibles
 d - a bread ration


   Skills:
 - Level 1.1 Short Blades
 - Level 3.0 Dodging
 * Level 6.4 Stealth
 * Level 4.2 Spellcasting
 * Level 4.6 Hexes


You had 2 spell levels left.
You knew the following spells:

 Your Spells              Type           Power        Failure   Level  Hunger
a - Corona                Hex            ###....      2%          1    None
b - Ensorcelled Hibernat  Hex/Ice        ##....       12%         2    ##.....
c - Confuse               Hex            ###.....     10%         3    ###....
e - Dazzling Spray        Conj/Hex       ##......     21%         3    ###....


Dungeon Overview and Level Annotations

Branches:
Dungeon (4/15)
 Temple: D:4-7

Altars:

Annotations:
D:3 Pikaro's ghost, average CeHu


Innate Abilities, Weirdness & Mutations

You are tiny and cannot use many weapons and most armour.
You have supernaturally acute eyesight.
You are a herbivore.
You cover ground extremely quickly.
You need consume almost no food.


Message History

Aiming: Ensorcelled Hibernation
Press: ? - help, Shift-Dir - straight line, f - orc wizard
Aim: an orc wizard, wielding a dagger and wearing a robe (slightly transparent, chance 42%)
The orc wizard resists with some effort.
The orc barely misses you.
The orc wizard points at you and mumbles some strange words.
The puff of frost hits you!
Casting: Ensorcelled Hibernation
Confirm with . or Enter, or press ? or * to list all spells.
Aiming: Ensorcelled Hibernation
Press: ? - help, Shift-Dir - straight line, f/p - orc wizard
Aim: an orc wizard, wielding a dagger and wearing a robe (slightly transparent, chance 42%)
The orc wizard resists with some effort.
The orc misses you.
The orc wizard hits you but does no damage.
The orc stops glowing.
Your magical contamination has completely faded away.
The orc wizard points at you and mumbles some strange words.
The puff of flame hits you!
You die...

##..............###..## #....
#....#...[......# #...###.....
#....###........###..)..^#
......##......#..#..##..## .
...#..##......##.#.##...## ..
.###..........##...##....##
##...
####..##......##..o.......##..o#
###..####......##....†#..o.o..#
##..## ##......@...........###
#..## #..#####...........# ..##
#...# ##.........## ..# #..#.
#.........# #.# #..# #
##........# #.. .# #.#..###.#
.### .###.# ### . # #


You could see an orc wizard (invisible).

Vanquished Creatures
  5 adders
  A worm (D:3)
  9 orcs
  4 giant cockroaches
  11 goblins
  6 hobgoblins
  3 jackals (D:1)
  2 quokkas
  A ball python (D:3)
  7 bats
  2 giant geckos
  5 giant newts
  8 kobolds
  5 rats
69 creatures vanquished.

Notes
Turn   | Place    | Note
--------------------------------------------------------------
     0 | D:1      | BluebellGnoll, the Spriggan Enchanter, began the quest for the Orb.
     0 | D:1      | Reached XP level 1. HP: 9/9 MP: 4/4
   276 | D:1      | Reached skill level 5 in Stealth
   877 | D:1      | Reached XP level 2. HP: 13/13 MP: 3/7
   881 | D:1      | Learned a level 2 spell: Ensorcelled Hibernation
  1389 | D:1      | Reached skill level 6 in Stealth
  1917 | D:2      | Reached XP level 3. HP: 4/16 MP: 5/9
  1991 | D:2      | Learned a level 3 spell: Confuse
  2742 | D:2      | Reached XP level 4. HP: 21/21 MP: 11/13
  2747 | D:2      | Learned a level 3 spell: Dazzling Spray
  3803 | D:3      | Noticed Pikaro's ghost (average CeHu)
  4506 | D:4      | Killed from afar by an orc wizard

Action                   |  1- 3 |  4- 6 || total
-------------------------+-------+-------++-------
Melee: Dagger            |   115 |    74 ||   189
Throw: Stone             |     1 |     6 ||     7
 Cast: Corona            |    26 |    14 ||    40
       Ensorcelled Hiber |    16 |    16 ||    32
  Use: Potion            |     1 |       ||     1
 Stab: Sleeping          |     7 |    17 ||    24
  Eat: Fruit             |     5 |     1 ||     6
       Royal jelly       |       |     1 ||     1
       Pizza             |       |     1 ||     1
